 Dungeon Crawl Stone Soup version 0.21-a0-440-g28109cb (webtiles) character file.

483 Megalobster the Ruffian (level 6, -7/61 HPs)
             Began as a Troll Monk on Nov 10, 2017.
             Mangled by a centaur (9 damage)
             ... on level 4 of the Dungeon.
             The game lasted 00:09:54 (2913 turns).

Megalobster the Ruffian (Troll Monk)                Turns: 2913, Time: 00:09:54

Health: -7/61      AC:  5    Str: 22    XL:     6   Next: 87%
Magic:  5/5        EV: 11    Int:  4    God:
Gold:   259        SH:  0    Dex: 12    Spells: 5/5 levels left

rFire    . . .     SeeInvis .     - Unarmed
rCold    . . .     Gourm    +   (no shield)
rNeg     . . .     Faith    .   a - +0 robe
rPois    +         Spirit   .   (helmet restricted)
rElec    .         Reflect  .   (no cloak)
rCorr    .         Harm     .   (gloves unavailable)
MR       .....                  (boots unavailable)
Stlth    ++........             (no amulet)
HPRegen  0.60/turn              o - -2 ring of intelligence (curse)
MPRegen  0.09/turn              v - ring of poison resistance

@: no status effects
A: unfitting armour, claws 3, fast metabolism 3, gourmand, regeneration 1,
shaggy fur 1, tough skin 2
a: no special abilities


You were on level 4 of the Dungeon.
You were very full.

You visited 1 branch of the dungeon, and saw 4 of its levels.

You collected 259 gold pieces.

Inventory:

Hand Weapons
 m - a +0 giant spiked club
 n - a +0 hunting sling
 y - a +1 antimagic dagger
Missiles
 j - 10 sling bullets
 k - 5 large rocks (quivered)
 p - 14 poisoned needles
 r - 117 stones
 B - 6 javelins
 C - 8 tomahawks
Armour
 a - a +0 robe (worn)
Jewellery
 o - a cursed -2 ring of intelligence (left claw)
 v - a ring of poison resistance (right claw)
 I - an uncursed ring of fire
Scrolls
 c - 2 scrolls of teleportation
 d - a scroll of enchant armour {unknown}
 f - a scroll of recharging {unknown}
 h - 2 scrolls of immolation
 i - a scroll of remove curse {unknown}
 s - a scroll of magic mapping {unknown}
 u - a scroll of random uselessness {unknown}
 w - a scroll of fear {unknown}
 z - 2 scrolls of amnesia {unknown}
 D - a scroll of blinking {unknown}
Potions
 e - 2 potions of brilliance
 l - a potion of resistance {unknown}
 q - 2 potions of flight
 t - a potion of mutation {unknown}
 x - 2 potions of heal wounds
 A - a potion of haste {unknown}
 E - a potion of ambrosia {unknown}
 G - a potion of degeneration {unknown}
 H - a potion of lignification {unknown}
Comestibles
 b - 5 bread rations
 g - 3 meat rations
 F - 2 royal jellies


   Skills:
 + Level 3.5 Fighting
 + Level 1.8 Throwing
 + Level 2.0 Armour
 + Level 3.4 Dodging
 - Level 1.0 Stealth
 * Level 5.3 Unarmed Combat


You had 5 spell levels left.
You didn't know any spells.

Dungeon Overview and Level Annotations

Branches:
Dungeon (4/15)
 Temple: D:4-7

Altars:
Cheibriados
Hepliaklqana
Qazlal


Innate Abilities, Weirdness & Mutations

You are too large for most types of armour.
You have claws for hands.
Your metabolism is lightning-fast.
You like to eat raw meat.
Your natural rate of healing is unusually fast.
You are covered in fur. (AC +1)
You have very tough skin. (AC +2)


Message History

The centaur shoots an arrow.
The arrow hits you! The arrow freezes you.
Found 13 gold pieces.
A centaur is nearby!
The centaur shoots an arrow.
The arrow hits you. The arrow freezes you.
You see here an arrow.
The centaur shoots an arrow.
The arrow hits you! The arrow freezes you.
* * * LOW HITPOINT WARNING * * *
The centaur shoots an arrow.
The arrow hits you!
* * * LOW HITPOINT WARNING * * *
The arrow freezes you.
* * * LOW HITPOINT WARNING * * *
Found a blackened iron wand and a worn fluorescent wand.
You see here 2 arrows.
The centaur shoots an arrow.
The arrow closely misses you.
The centaur unwields an uncursed shortbow of freezing.
The centaur misses you.
You claw the centaur!
The centaur is moderately wounded.
The centaur hits you!
You die...

#.... .... ...#########
#..........# #..........#
#..........#
#######...c......#
......#...@.../..#
..$....>...../....
........(#########
........(#######
$.......$......# ##########
.......(.......# #.........
......###......###.#######.
...... #............#####.
##### ######.......#....[


You could see a centaur.

Vanquished Creatures
  The ghost of asdu the Slasher, an amateur HaCK of Xom (D:4)
  An ogre (D:4)
  2 worker ants (D:4)
  5 adders
  4 oozes
  4 worms
  2 dart slugs (D:1)
  5 leopard geckos
  An orc (D:3)
  14 giant cockroaches
  4 hobgoblins
  2 jackals (D:2)
  A quokka (D:3)
  A ball python (D:3)
  6 bats
  4 frilled lizards
  5 goblins
  7 kobolds
  9 rats
78 creatures vanquished.

Notes
Turn   | Place    | Note
-------+----------+-------------------------------------------
     0 | D:1      | Megalobster the Troll Monk began the quest for the Orb.
     0 | D:1      | Reached XP level 1. HP: 22/22 MP: 0/0
   147 | D:1      | Reached XP level 2. HP: 29/29 MP: 1/1
   854 | D:2      | Reached XP level 3. HP: 36/36 MP: 2/2
   855 | D:2      | Found a hazy altar of Hepliaklqana.
   886 | D:2      | Found a snail-covered altar of Cheibriados.
  1278 | D:2      | Reached XP level 4. HP: 44/44 MP: 3/3
  1416 | D:2      | Reached skill level 4 in Unarmed Combat
  1593 | D:3      | Reached skill level 1 in Armour
  1650 | D:3      | Found a stormy altar of Qazlal.
  1982 | D:3      | Reached XP level 5. HP: 41/53 MP: 4/4
  2576 | D:4      | Noticed an ogre
  2581 | D:4      | Killed an ogre
  2581 | D:4      | Reached skill level 1 in Throwing
  2604 | D:4      | Noticed asdu's ghost (amateur HaCK)
  2656 | D:4      | Killed asdu's ghost
  2656 | D:4      | Reached skill level 5 in Unarmed Combat
  2656 | D:4      | Reached XP level 6. HP: 12/61 MP: 3/5
  2910 | D:4      | HP: 1/61 [centaur/arrow (5)]
  2913 | D:4      | Mangled by a centaur

Vault maps used:
D:1:      erik_arrival_cave_to_civilisation, minmay_tetromino_s2
D:2:      lemuel_round_altar, lemuel_crystal_altar, first_bread
D:3:      minmay_roachtagon, old_standard_altar
D:4:      serial_shops, shop

Skill      XL: |  1  2  3  4  5  6 |
---------------+-------------------+-----
Unarmed Combat | 4 5 |  5.3
Armour         | 1 2 |  2.0
Dodging        | 3 |  3.4
Fighting       | 3 |  3.5
Throwing       | 1 |  1.8
Stealth        | |  1.0

Action                   |  1- 3 |  4- 6 || total
-------------------------+-------+-------++-------
Melee: Unarmed           |    77 |   152 ||   229
       Punch             |     1 |     2 ||     3
  Use: Scroll            |       |     4 ||     4
       Potion            |       |     1 ||     1
 Stab: Sleeping          |     4 |     4 ||     8
  Eat: Chunk             |    17 |    13 ||    30
Armor: Robe              |    19 |    50 ||    69
Dodge: Dodged            |    44 |   100 ||   144

Table legend:
 A = Spawn XP
 B = Non-spawn XP
 C = Spawn XP percentage of total XP
 D = Spawn monster count
 E = Non-spawn monster count
 F = Spawn count percentage of total count
 G = Total turns spent on level
                    A         B        C        D         E        F      G
               +---------+---------+-------+---------+---------+-------+---------
         Total |       0 |     690 |   0.0 |       0 |      78 |   0.0 |  2913
               +---------+---------+-------+---------+---------+-------+---------
           D:1 |       0 |      36 |   0.0 |       0 |      16 |   0.0 |   847
           D:2 |       0 |      71 |   0.0 |       0 |      23 |   0.0 |   707
           D:3 |       0 |     118 |   0.0 |       0 |      34 |   0.0 |   865
           D:4 |       0 |     465 |   0.0 |       0 |       5 |   0.0 |   494
               +---------+---------+-------+---------+---------+-------+---------
